 Dungeon Crawl Stone Soup version 0.32-a0-931-g5a2cda0630 (webtiles) character file.

Game seed: 8800995345761481561

11559 runemasterragnar the Skirmisher (level 11, -3/84 HPs)
             Began as a Coglin Hunter on Apr 14, 2024.
             Was a High Priest of Okawaru.
             Slain by a troll (15 damage)
             ... on level 11 of the Dungeon.
             The game lasted 00:17:27 (12604 turns).

runemasterragnar the Skirmisher (Coglin Hunter)    Turns: 12604, Time: 00:17:28

Health: -3/84      AC:  5    Str: 11    XL:     11   Next: 79%
Magic:  15/15      EV: 16    Int:  8    God:    Okawaru [*****.]
Gold:   1419       SH:  0    Dex: 23    Spells: 10/10 levels left

rFire   . . .        a - +3 sling {Esteban}
rCold   . . .        v - +2 sling (flame) {Haeun}
rNeg    . . .        E - +0 steam dragon scales
rPois   .            (no helmet)
rElec   .            (no cloak)
rCorr   .            (no gloves)
SInv    .            (no boots)
Will    .....        (amulet unavailable)
Stlth   ++++         (ring unavailable)
HPRegen 0.34/turn    (ring unavailable)
MPRegen 0.14/turn    (no gizmo)

%: no passive effects
@: studying Unarmed Combat, revved
A: off-hand wielding, slow wielding, warmup strikes, no jewellery
a: Invent Gizmo, Renounce Religion, Heroism, Finesse, Duel


You were on level 11 of the Dungeon.
You worshipped Okawaru.
Okawaru was extremely pleased with you.
You visited 2 branches of the dungeon, and saw 12 of its levels.
You also visited: Bailey.

You collected 1554 gold pieces.
You spent 135 gold pieces at shops.

Inventory:

Hand Weapons
 a - a +3 sling (weapon) {Esteban}
 v - a +2 sling of flaming (offhand) {Haeun}
Missiles
 f - 13 throwing nets
Armour
 c - a +1 leather armour
 r - the +0 ring mail of the Lychee {rElec rN+}
   (You found it on level 4 of the Dungeon)

   rElec:     It insulates you from electricity.
   rN+:       It protects you from negative energy.
 w - the +4 ring mail "Pamerchy" {+Inv Str+3 Dex-3}
   (You found it on level 7 of the Dungeon)

   Str+3:     It affects your strength (+3).
   Dex-3:     It affects your dexterity (-3).
   +Inv:      It lets you turn invisible.
 x - a +1 robe of resistance
 E - +0 steam dragon scales (worn)
Wands
 m - a wand of flame (19)
 p - a wand of roots (7)
 t - a wand of paralysis (2)
 F - a wand of digging (5)
Scrolls
 b - 4 scrolls of butterflies
 s - a scroll of noise {unknown}
 y - 2 scrolls of fear
 B - 4 scrolls of teleportation
 C - 4 scrolls of amnesia
 D - 2 scrolls of fog
 G - a scroll of revelation
 H - a scroll of immolation {unknown}
 I - a scroll of vulnerability {unknown}
Potions
 d - a potion of ambrosia {unknown}
 e - 2 potions of curing
 g - a potion of brilliance {unknown}
 h - 2 potions of heal wounds {unknown}
 i - a potion of degeneration {unknown}
 j - a potion of enlightenment {unknown}
 k - 2 potions of might
 l - a potion of lignification {unknown}
 n - a potion of invisibility
 o - a potion of experience {unknown}
 q - a potion of cancellation {unknown}
 u - 2 potions of attraction {unknown}
 z - 3 potions of resistance
 A - a potion of haste {unknown}


   Skills:
 + Level 7.5 Fighting
 * Level 10.0 Ranged Weapons
 + Level 6.9 Dodging
 + Level 6.4 Stealth
 + Level 5.3 Invocations
 + Level 8.5 Evocations


You had 10 spell levels left.
You didn't know any spells.
Your spell library contained the following spells:

 Spells                   Type           Power      Damage    Failure   Level
 Magic Dart               Conj           0%         1d3       41%         1
 Blink                    Tloc           0%         N/A       54%         2
 Ensorcelled Hibernation  Hex/Ice        0%         N/A       54%         2
 Passwall                 Erth           0%         N/A       78%         3
 Swiftness                Air            0%         N/A       78%         3
 Chain Lightning          Conj/Air       0%         N/A       100%        9
 Fire Storm               Conj/Fire      0%         5d1       100%        9
 Shatter                  Erth           0%         3d5*      100%        9
 Call Imp                 Summ           Unusable   N/A       N/A         2

Dungeon Overview and Level Annotations

Branches:
Dungeon (11/15)            Temple (1/1) D:4            Lair (0/5) D:10
    Orc (0/2) D:11         Bailey (visited)

Altars:
Ashenzari
Cheibriados
Dithmenos
Elyvilon
Fedhas
Gozag
Hepliaklqana
Kikubaaqudgha
Makhleb
Nemelex Xobeh
Okawaru
Qazlal
Ru
Sif Muna
Trog
Uskayaw
Vehumet
Wu Jian
Xom
Yredelemnul
Zin
The Shining One

Shops:
D:6 :   D:7 ((=[

Annotations:
D:4 1 runed translucent door, Crazy Yiuf
D:5 3 runed translucent doors, Biggs's ghost, amateur VSBr
D:8 2 transporters
D:9 2 transporters, avangion's ghost, novice CoHu
D:10 3 runed translucent doors, NotBatman's ghost, journeyman TrFi


Innate Abilities, Weirdness & Mutations

You can wield a second weapon in your off-hand.
It takes a long time for you to wield or remove held weapons.
Your first few attacks do less damage.
You cannot equip rings or amulets.


Message History

The sling bullet barely misses the troll.
You shoot a sling bullet.
The sling bullet barely misses the troll.
You shoot a sling bullet.
The sling bullet closely misses the troll.
You shoot a sling bullet. The sling bullet hits the troll!
The troll is heavily wounded.
The troll bites you! The troll completely misses you. The troll claws you!
You shoot a sling bullet. The sling bullet hits the troll.
The troll is heavily wounded.
You shoot a sling bullet. The sling bullet hits the troll.
The sling bullet burns the troll.
The troll is severely wounded.
The troll bites you! The troll barely misses you. The troll claws you.
Unknown command.
You are too injured to fight recklessly!
A troll is nearby!
You are too injured to fight recklessly!
A troll is nearby!
You shoot a sling bullet.
The sling bullet closely misses the troll.
You shoot a sling bullet. The sling bullet hits the troll.
The sling bullet burns the troll.
The troll is severely wounded.
The troll bites you! The troll claws you!
* * * LOW HITPOINT WARNING * * *
The troll misses you.
You shoot a sling bullet.
The sling bullet barely misses the troll.
You shoot a sling bullet. The sling bullet hits the troll.
The troll is severely wounded.
The troll bites you!
* * * LOW HITPOINT WARNING * * *
The troll barely misses you. x2
Okay, then.
Aiming: Paralyse
Press: ? - help, Shift-Dir - straight line, f/p - troll
Aim: a troll (severely wounded, chance to affect: 68%)
The troll struggles to resist.
The troll bites you!
You die...

#.# #.### ....#
#.#.#######
#..........
#...#......
#.#####..........
#......@........#
######T#........
..###.#....###.#
................
#
....#.#.######.#
..# # #.#.#.#.#
#.#...# #
#.#.#.#.# #.#...#
## #.#.#.#.#
#.#...# .
#.#.#.#.# #.#...#


You could see a troll.

Vanquished Creatures
  3 two-headed ogres (D:9)
  3 meliai (D:10)
  2 unseen horrors
  Maggie (D:8)
  A tengu conjurer (D:9)
  A komodo dragon (D:10)
  3 wyverns
  A vampire (D:9)
  5 yaks (D:10)
  Grum (Bailey)
  3 steam dragons
  7 vampire mosquitoes
  A water moccasin (D:7)
  An ice beast (D:5)
  5 orc warriors
  A sky beast (D:7)
  A black bear (D:6)
  An ogre (D:6)
  5 wolves (Bailey)
  9 centaurs
  A phantom (D:6)
  2 kobold brigands
  3 bullfrogs
  A scorpion (D:4)
  6 gnoll sergeants
  A water moccasin zombie (D:4)
  5 wights (D:7)
  5 killer bees (D:8)
  A howler monkey (D:6)
  4 jellies
  4 hounds
  5 orc priests
  Ijyb (D:4)
  6 gnoll boudas
  A scorpion zombie (D:4)
  4 iguanas
  9 orc wizards
  A hound zombie (D:4)
  25 gnolls
  8 adders
  A white imp (D:6)
  2 ufetubi (D:5)
  An adder zombie (D:4)
  A dart slug (D:3)
  3 ribbon worms
  23 orcs
  7 ball pythons
  5 bats
  5 endoplasms
  3 giant cockroaches
  7 goblins
  6 hobgoblins
  5 jackals
  27 kobolds
  4 quokkas
  5 frilled lizards
  5 rats
258 creatures vanquished.

Notes
Turn   | Place    | Note
-------+----------+-------------------------------------------
     0 | D:1      | runemasterragnar the Coglin Hunter began the quest for the
                  | Orb.
     0 | D:1      | Reached XP level 1. HP: 16/16 MP: 1/1
   113 | D:1      | Reached skill level 1 in Stealth
   117 | D:1      | Reached XP level 2. HP: 22/22 MP: 2/2
   772 | D:2      | Reached skill level 4 in Ranged Weapons
   772 | D:2      | Reached XP level 3. HP: 27/27 MP: 3/3
   900 | D:2      | Reached XP level 4. HP: 29/34 MP: 4/4
  1318 | D:3      | Found an opulent altar of Gozag.
  1494 | D:3      | Reached XP level 5. HP: 27/40 MP: 5/5
  1675 | D:3      | Found a faded altar of an unknown god.
  1723 | D:3      | You fall into a shaft and drop 1 floor!
  2481 | D:4      | Noticed Ijyb
  2495 | D:4      | Killed Ijyb
  2496 | D:4      | Reached XP level 6. HP: 28/47 MP: 6/6
  2587 | D:4      | Found a staircase to the Ecumenical Temple.
  2599 | Temple   | Entered the Ecumenical Temple
  2612 | Temple   | Became a worshipper of Warmaster Okawaru
  2640 | D:4      | Reached skill level 5 in Ranged Weapons
  2765 | D:5      | Entered Level 5 of the Dungeon
  2833 | D:5      | Reached skill level 1 in Evocations
  2912 | D:5      | Reached XP level 7. HP: 47/52 MP: 7/7
  2951 | D:5      | Reached * piety under Okawaru
  2952 | D:5      | Reached skill level 1 in Invocations
  3106 | D:5      | Found a runed translucent gate.
  3107 | D:5      | Found a runed translucent gate.
  3108 | D:5      | Found a runed translucent gate.
  3116 | D:5      | Noticed Biggs's ghost (amateur VSBr)
  3792 | D:4      | Found a basalt altar of Yredelemnul.
  3943 | D:4      | Identified the +0 ring mail of the Lychee {rElec rN+}
  3980 | D:4      | Found a runed translucent door.
  3981 | D:4      | Noticed Crazy Yiuf
  4284 | D:5      | Reached XP level 8. HP: 60/60 MP: 9/9
  4440 | D:5      | Noticed a wyvern
  4452 | D:5      | Killed a wyvern
  4452 | D:5      | Reached ** piety under Okawaru
  4453 | D:5      | Reached skill level 6 in Ranged Weapons
  5124 | D:6      | Found Hoxua's Book Shoppe.
  5260 | D:6      | Found an ancient bone altar of Kikubaaqudgha.
  5348 | D:7      | Found Jorose's Antique Armour Emporium.
  5360 | D:6      | Reached XP level 9. HP: 52/67 MP: 10/10
  5404 | D:7      | Found Omulavua's Weapon Emporium.
  5411 | D:7      | Found Niymil's Weapon Emporium.
  5419 | D:7      | Bought a +1 sling of flaming for 135 gold pieces
  5508 | D:7      | Reached skill level 5 in Fighting
  5508 | D:7      | Reached skill level 7 in Ranged Weapons
  5657 | D:7      | Reached skill level 5 in Evocations
  5746 | D:7      | Identified the +4 ring mail "Pamerchy" {+Inv Str+3 Dex-3}
  5804 | D:7      | Found a flagged portal.
  5847 | Bailey   | Entered a bailey
  6408 | Bailey   | Reached *** piety under Okawaru
  6593 | Bailey   | Reached skill level 5 in Dodging
  6764 | Bailey   | Noticed Grum
  6841 | Bailey   | Reached XP level 10. HP: 24/76 MP: 9/12
  7134 | Bailey   | Killed Grum
  7135 | Bailey   | Reached skill level 8 in Ranged Weapons
  7365 | Bailey   | Identified the +8 chain mail of the Lost Path {Rampage rF-
                  | rN+++ Dex-5}
  7648 | D:7      | Found Libiotamn's Jewellery Boutique.
  8067 | D:8      | Found a burning altar of Makhleb.
  8107 | D:8      | Reached skill level 5 in Stealth
  8179 | D:8      | Reached **** piety under Okawaru
  8362 | D:8      | Found a sacrificial altar of Ru.
  8414 | D:8      | Noticed Maggie
  8424 | D:8      | Killed Maggie
  8664 | D:8      | Found an ornate altar of the Wu Jian Council.
  8768 | D:8      | Found a transporter.
  8770 | D:8      | Found a white marble altar of Elyvilon.
  8771 | D:8      | Found a transporter.
  9367 | D:9      | Found a transporter.
  9367 | D:9      | Noticed a moth of wrath
  9387 | D:9      | Noticed a two-headed ogre
  9437 | D:9      | Killed a two-headed ogre
  9493 | D:9      | Noticed a two-headed ogre
  9501 | D:9      | Killed a two-headed ogre
  9501 | D:9      | Reached ***** piety under Okawaru
  9502 | D:9      | Reached skill level 9 in Ranged Weapons
  9502 | D:9      | Reached XP level 11. HP: 83/83 MP: 14/14
  9523 | D:9      | Found a transporter.
  9527 | D:9      | Noticed avangion's ghost (novice CoHu)
  9926 | D:9      | Noticed a two-headed ogre
  9943 | D:9      | Killed a two-headed ogre
 10236 | D:10     | Entered Level 10 of the Dungeon
 10647 | D:10     | Received a gift from Okawaru
 10939 | D:10     | Found a runed translucent gate.
 10939 | D:10     | Found a runed translucent gate.
 10939 | D:10     | Found a runed translucent gate.
 10944 | D:10     | Noticed NotBatman's ghost (journeyman TrFi)
 10968 | D:10     | Reached skill level 5 in Invocations
 11022 | D:10     | Found a bloodstained altar of Trog.
 11098 | D:10     | Found a staircase to the Lair.
 11147 | D:10     | Found a hide-covered altar of Uskayaw.
 12212 | D:11     | Reached skill level 10 in Ranged Weapons
 12468 | D:11     | Found a staircase to the Orcish Mines.
 12604 | D:11     | Slain by a troll

Illustrated notes

Levels and vault maps discovered:
D:1:      eino_arrival_water_star, layout_basic
D:2:      layout_rooms
D:3:      layout_loops_ring, nicolae_gozag_cash_rules_everything_around_me,
          nicolae_ecumenical_lake_church, minmay_gold_behind_fungi
D:4:      minmay_evil_eye, layout_loops_cross, nicolae_yredelemnul_corpse_copse,
          minmay_temple_entry_tees, uniq_crazy_yiuf_cottage, uniq_ijyb
D:5:      kennysheep_kobold_camp, layout_cave_pools,
          gammafunk_ghost_nasty_kobolds, minmay_manual_macuahuitl
D:6:      layout_cave_pools, mainiacjoe_overflow_chevrons, serial_shops,
          nicolae_shop_behind_doors
D:7:      layout_gridville, enter_bailey_8, serial_shops, shop,
          nicolae_shop_advertising_works [nicolae_subvault_shop_adworks], shop,
          nicolae_shop_trees
D:8:      layout_basic, nzn_wu_jian_contemplation, kennysheep_mini_moat,
          elyvilon_altar_4, mainiacjoe_overflow_cross_hatched, uniq_maggie
D:9:      layout_basic, gammafunk_ghost_berserking_beasts, minmay_door_square
D:10:     layout_loops_cross, trog_butcher_becter, amcnicky_altar_gilded,
          dpeg_oklobed_lair, gammafunk_ghost_necromancy
D:11:     layout_basic, orc_0_dummy, chequers_garden, uniq_nergalle
Temple:   dshaligram_water_room_temple

Skill      XL: |  1  2  3  4  5  6  7  8  9 10 11 |
---------------+----------------------------------+-----
Stealth        | 1 2 3 4 5 6 |  6.4
Dodging        | 2 3 4 5 6 |  6.9
Ranged Weapons | 4 5 6 7 9 10 | 10.0
Fighting       | 3 4 5 6 7 |  7.5
Evocations     | 1 3 4 5 7 8 |  8.5
Invocations    | 1 2 3 4 5 |  5.3

Action                     |  1- 3 |  4- 6 |  7- 9 | 10-12 || total
---------------------------+-------+-------+-------+-------++-------
   Fire: Sling             |   138 |   252 |   670 |   582 ||  1642
 Invoke: Heroism           |       |       |     6 |     2 ||     8
  Evoke: Wand              |       |       |     7 |    20 ||    27
    Use: Scroll            |       |     4 |     3 |     6 ||    13
         Potion            |       |     1 |     1 |     2 ||     4
 Armour: Leather armour    |    12 |    34 |   125 |    21 ||   192
         Steam dragon scal |       |       |       |    99 ||    99
  Dodge: Dodged            |    13 |    27 |   122 |   122 ||   284

Table legend: (Time is in decaauts)
 A = Elapsed time spent in this place.
 B = Non-inter-level travel time spent in this place.
 C = Inter-level travel time spent in this place.
 D = Time resting spent in this place.
 E = Time spent auto-exploring this place.
 F = Levels seen in this place.
 G = Mean time per level.
                   A        B        C        D        E       F      G
               +--------+--------+--------+--------+--------+-----+--------+
         Total |  12662 |  12227 |    435 |   3642 |   6714 |  13 |  974.0 |
       Dungeon |  11068 |  10633 |    435 |   2627 |   6467 |  11 | 1006.2 |
        Temple |     30 |     30 |      0 |      0 |      0 |   1 |   30.0 |
        Bailey |   1563 |   1563 |      0 |   1014 |    247 |   1 | 1563.0 |
               +--------+--------+--------+--------+--------+-----+--------+

Top non-repeatable levels by time:
  Bailey: 1563 daAuts
     D:4: 1408 daAuts
     D:9: 1262 daAuts
    D:11: 1246 daAuts
     D:5: 1168 daAuts
    D:10: 1106 daAuts
     D:7: 1097 daAuts
     D:3: 991 daAuts
     D:8: 912 daAuts
     D:1: 769 daAuts
     D:6: 695 daAuts
     D:2: 408 daAuts
  Temple: 30 daAuts
